 Dungeon Crawl Stone Soup version 0.23.2-1-ga50397a (webtiles) character file.

Game seed: 17441550199997885454

32 Iscandelvey the Vexing (level 3, 20/26 HPs)
             Began as a Demonspawn Arcane Marksman on Apr 17, 2019.
             Quit the game on level 2 of the Dungeon.
             The game lasted 00:00:36 (606 turns).

Iscandelvey the Vexing (Demonspawn Arcane Marksman)  Turns: 606, Time: 00:00:36

Health: 20/26      AC:  2    Str: 10    XL:     3   Next: 8%
Magic:  4/4        EV: 12    Int: 15    God:
Gold:   60         SH:  0    Dex: 13    Spells: 3/4 levels left

rFire    . . .     SeeInvis .   a - +0 hand crossbow
rCold    . . .     Gourm    .   (no shield)
rNeg     . . .     Faith    .   e - +0 robe
rPois    .         Spirit   .   (helmet restricted)
rElec    .         Reflect  .   (no cloak)
rCorr    .         Harm     .   (no gloves)
MR       .....                  (no boots)
Stlth    +.........             (no amulet)
HPRegen  0.08/turn              (no ring)
MPRegen  0.09/turn              (no ring)

@: mildly poisoned (20 -> 16)
A: antennae 1
a: no special abilities


You were on level 2 of the Dungeon.
You were not hungry.

You visited 1 branch of the dungeon, and saw 2 of its levels.

You collected 60 gold pieces.

Inventory:

Hand Weapons
 a - a +0 hand crossbow (weapon)
Missiles
 d - 9 bolts (quivered)
Armour
 e - a +0 robe (worn)
Scrolls
 b - 2 scrolls of fog {unknown}
 g - a scroll of enchant weapon {unknown}
 k - a scroll of identify {unknown}
Potions
 c - 2 potions of curing {unknown}
 h - a potion of might {unknown}
 i - a potion of lignification {unknown}
 j - a potion of experience {unknown}
Comestibles
 f - 3 rations


   Skills:
 + Level 1.0 Fighting
 + Level 2.4 Crossbows
 + Level 1.8 Dodging
 + Level 1.0 Spellcasting
 + Level 3.7 Hexes


You had 3 spell levels left.
You knew the following spells:

 Your Spells              Type           Power        Failure   Level  Hunger
a - Corona                Hex            ##.....      5%          1    ##.....

Your spell library contained the following spells:

 Spells                   Type           Power        Failure   Level  Hunger
 Slow                     Hex            ##......     8%          2    ###....
 Inner Flame              Hex/Fire       #.......     34%         3    ####...
 Portal Projectile        Hex/Tloc       #.....       34%         3    ####...
 Cause Fear               Hex            ##........   45%         4    #####..
 Leda's Liquefaction      Hex/Erth       #.........   75%         4    #####..


Dungeon Overview and Level Annotations

Branches:
Dungeon (2/15)

Altars:
Ashenzari


Innate Abilities, Weirdness & Mutations

You have a pair of small antennae on your head.


Message History

Press: ? - help, Shift-Dir - straight line, f/p - adder
Aim: an adder (severely wounded)
You shoot a bolt. The bolt misses the adder.
The adder bites you.
The kobold throws a stone.
The stone hits you but does no damage. The adder bites you.
You are poisoned.
The adder poisons you!
There are monsters nearby!
Firing (i - inventory)
d - 10 bolts (quivered)
Press: ? - help, Shift-Dir - straight line, f/p - adder
Aim: an adder (severely wounded)
You shoot a bolt. The bolt hits the adder.
You kill the adder!
You have reached level 3!
Your experience leads to an increase in your attributes!
Increase (S)trength, (I)ntelligence, or (D)exterity?
You feel clever.
You feel sick.
The kobold throws a stone.
The stone hits you but does no damage.
Are you sure you want to abandon this character and quit the game? (Confirm with "yes".)

####.# #.# ..##.#
#.# # #.##.####.# #(
#.##.##...## #(.
#.##.#<....####.
#..##
#.##.#)##.......
..#.#..
#.##.......#####
..._..(##........#.#
#K@.........#.#
......(..........###
.###############.#
#.# #.# #.# ..# ###


You could see a kobold.

Vanquished Creatures
  An adder (D:2)
  A leopard gecko (D:1)
  3 giant cockroaches (D:1)
  3 hobgoblins
  3 bats
  4 frilled lizards (D:1)
  2 goblins (D:1)
  2 kobolds (D:1)
  3 rats (D:1)
22 creatures vanquished.

Notes
Turn   | Place    | Note
-------+----------+-------------------------------------------
     0 | D:1      | Iscandelvey the Demonspawn Arcane Marksman began the quest
                  | for the Orb.
     0 | D:1      | Reached XP level 1. HP: 15/15 MP: 2/2
   266 | D:1      | Gained mutation: You have a pair of small antennae on your
                  | head. [demonic ancestry]
   266 | D:1      | Reached XP level 2. HP: 21/21 MP: 3/3
   597 | D:2      | Found a shattered altar of Ashenzari.
   605 | D:2      | Reached XP level 3. HP: 21/26 MP: 4/4
   606 | D:2      | Quit the game

Skill      XL: |  1  2 |
---------------+-------+-----
Crossbows      | 2 |  2.4
Fighting       | |  1.0
Dodging        | |  1.8
Spellcasting   | |  1.0
Hexes          | |  3.7

Action                   || total
-------------------------++-------
 Fire: Hand crossbow     ||    53
Armor: Robe              ||     8
Dodge: Dodged            ||    22
